 Dungeon Crawl Stone Soup version 0.31-a0-1589-g8f5e8aebd6 (webtiles) character file.

Game seed: 13460622023035971945

1123 Gnu the Trooper (level 8, -27/62 HPs)
             Began as a Demonspawn Fighter on Jan 6, 2024.
             Was a Follower of Qazlal.
             Annihilated by a two-headed ogre
             ... wielding a +0 dire flail
              (28 damage)
             ... on level 5 of the Dungeon.
             The game lasted 00:14:56 (4070 turns).

Gnu the Trooper (Demonspawn Fighter)                Turns: 4070, Time: 00:14:57

Health: -27/62     AC: 12    Str: 18    XL:     8   Next: 13%
Magic:  0/8        EV:  6    Int:  9    God:    Qazlal [*.....]
Gold:   266        SH:  7    Dex: 13    Spells: 7/7 levels left

rFire   . . .        a - +0 war axe
rCold   . . .        c - +1 buckler
rNeg    . . .        e - +0 plate armour
rPois   .            (helmet restricted)
rElec   .            v - scarf {+Inv}
rCorr   .            (no gloves)
SInv    .            (no boots)
Will    .....        g - amulet of the acrobat Stlth
                     (no ring)
HPRegen 0.30/turn    (no ring)
MPRegen 0.22/turn

%: acrobat, guardian spirit
@: no status effects
A: horns 2, magic shield, magic regeneration, magic link, weakness stinger 2
a: Renounce Religion, Evoke Invisibility


You were on level 5 of the Dungeon.
You worshipped Qazlal.
Qazlal was aware of your devotion.
You visited 2 branches of the dungeon, and saw 6 of its levels.

You collected 266 gold pieces.

Inventory:

Hand Weapons
 a - a +0 war axe (weapon)
Armour
 c - a +1 buckler (worn)
 e - a +0 plate armour (worn)
 v - a scarf of invisibility (worn)
Jewellery
 g - an amulet of the acrobat (around neck)
Wands
 p - a wand of charming (7)
Scrolls
 b - 4 scrolls of vulnerability
 i - a scroll of enchant weapon {unknown}
 m - a scroll of immolation {unknown}
 n - a scroll of torment {unknown}
 o - a scroll of teleportation {unknown}
 q - 3 scrolls of amnesia {unknown}
 s - a scroll of butterflies {unknown}
Potions
 f - 2 potions of brilliance
 k - a potion of resistance {unknown}
 l - 2 potions of heal wounds {unknown}
 r - a potion of mutation {unknown}
 t - a potion of lignification {unknown}
 u - a potion of ambrosia {unknown}


   Skills:
 + Level 5.2 Fighting
 + Level 4.2 Axes
 + Level 4.7 Armour
 + Level 3.5 Dodging
 + Level 4.7 Shields


You had 7 spell levels left.
You didn't know any spells.
Your spell library contained the following spells:

 Spells                   Type           Power      Damage    Failure   Level
 Shock                    Conj/Air       0%         1d3       100%        1
 Swiftness                Air            0%         N/A       100%        3
 Airstrike                Air            0%         2d(0-16)  100%        4


Dungeon Overview and Level Annotations

Branches:
Dungeon (5/15)             Temple (1/1) D:4

Altars:
Ashenzari
Dithmenos
Fedhas
Gozag
Hepliaklqana
Kikubaaqudgha
Makhleb
Nemelex Xobeh
Okawaru
Qazlal
Ru
Sif Muna
Vehumet
Wu Jian
Xom
Yredelemnul


Innate Abilities, Weirdness & Mutations

You have a pair of horns on your head.
When hurt, damage is shared between your health and your magic reserves.
You regenerate magic rapidly.
When low on magic, you restore magic in place of health.
You have a tail ending in a sharp stinger.


Message History

Qazlal accepts your kill.
Things that are here:
a +0 war axe; a +0 ring mail; an orc corpse You see here a bullfrog corpse.
You hear two shouts!
A two-headed ogre is nearby!
You hit the two-headed ogre.
The two-headed ogre is lightly wounded.
The two-headed ogre hits you but does no damage.
The two-headed ogre barely misses you.
You hit the two-headed ogre but do no damage.
Your headbutt misses the two-headed ogre.
You tail-slap the two-headed ogre, but do no damage.
The two-headed ogre hits you with a +0 dire flail.
You block the two-headed ogre's attack.
You hit the two-headed ogre but do no damage.
You headbutt the two-headed ogre, but do no damage.
You tail-slap the two-headed ogre.
The two-headed ogre is lightly wounded.
You block the two-headed ogre's attack. x2
You hit the two-headed ogre. You headbutt the two-headed ogre.
The two-headed ogre is moderately wounded.
The two-headed ogre hits you with a +0 dire flail!
The two-headed ogre hits you with a +0 giant spiked club!!
You barely miss the two-headed ogre.
The two-headed ogre is moderately wounded.
You hit the two-headed ogre.
The two-headed ogre is moderately wounded.
You block the two-headed ogre's attack. x2
You hit the two-headed ogre.
The two-headed ogre is heavily wounded.
The two-headed ogre hits you with a +0 dire flail.
The two-headed ogre hits you with a +0 giant spiked club!
* * * LOW HITPOINT WARNING * * *
You slash the two-headed ogre!
The two-headed ogre is severely wounded.
The two-headed ogre hits you with a +0 dire flail!
* * * LOW HITPOINT WARNING * * *
The two-headed ogre hits you with a +0 giant spiked club!!
You die...

....##≈≈≈##..#.......##.......#
(....##§≈≈##.#.......##.......# #
...[..##§≈§###.......##.......# #
.......##≈≈≈ #.......##(...)..# #
........##§§ #.......##.......# #
.........##≈§≈#......##.......###
''##########≈§≈......###)####.#.#
......# ##≈≈##○#### #).)...#..
#####.# ##!O@...# #.######.. #.#
#.##.#.####†......#. #.# #
#.........####.## #.#######
###.###....#..... # #.......# .#
#>.....#.## # #..##.#.# #
###..###.# # ##..##.#.######
#...##.# ####.#.##.<...[..#
#......# ....###.###.####.#
#...####


You could see a two-headed ogre.

Vanquished Creatures
  A troll (D:5)
  2 ogres (D:5)
  A bullfrog (D:5)
  4 scorpions (D:5)
  2 hounds (D:5)
  2 orc priests (D:5)
  2 jellies (D:4)
  An iguana (D:4)
  An orc wizard (D:5)
  8 adders
  A shadow imp (D:5)
  A white imp (D:5)
  2 dart slugs
  A ribbon worm (D:4)
  9 orcs
  8 bats
  9 endoplasms
  7 giant cockroaches
  6 goblins
  8 hobgoblins
  A jackal (D:5)
  11 kobolds
  3 quokkas
  9 ball pythons
  5 frilled lizards
  8 rats
113 creatures vanquished.

Vanquished Creatures (collateral kills)
  An iguana (D:5)
  An orc (D:5)
2 creatures vanquished.

Grand Total: 115 creatures vanquished

Notes
Turn   | Place    | Note
-------+----------+-------------------------------------------
     0 | D:1      | Gnu the Demonspawn Fighter began the quest for the Orb.
     0 | D:1      | Reached XP level 1. HP: 18/18 MP: 1/1
   153 | D:1      | Discovered your monstrous ancestry.
   153 | D:1      | Gained mutation: You have a small tail. [demonic ancestry]
   153 | D:1      | Reached XP level 2. HP: 19/24 MP: 2/2
   440 | D:1      | Gained mutation: You regenerate magic rapidly. [demonic
                  | ancestry]
   440 | D:1      | Reached XP level 3. HP: 24/29 MP: 3/3
   988 | D:2      | Reached skill level 1 in Dodging
  1148 | D:2      | Gained mutation: You have a tail ending in a sharp stinger.
                  | [demonic ancestry]
  1148 | D:2      | Reached XP level 4. HP: 35/35 MP: 4/4
  2059 | D:4      | Gained mutation: When hurt, damage is shared between your
                  | health and your magic reserves. [demonic ancestry]
  2059 | D:4      | Reached XP level 5. HP: 40/42 MP: 5/5
  2191 | D:4      | Found a staircase to the Ecumenical Temple.
  2202 | Temple   | Entered the Ecumenical Temple
  2231 | Temple   | Became a worshipper of Qazlal Stormbringer
  2744 | D:5      | Entered Level 5 of the Dungeon
  2793 | D:5      | Reached skill level 4 in Fighting
  2814 | D:5      | Gained mutation: You have a pair of small horns on your
                  | head. [demonic ancestry]
  2814 | D:5      | Reached XP level 6. HP: 48/48 MP: 6/6
  2901 | D:5      | Noticed a troll
  2922 | D:5      | Found a shadowy altar of Dithmenos.
  2972 | D:5      | HP: 1/49 [troll (7)]
  2977 | D:5      | Killed a troll
  2978 | D:5      | Gained mutation: When low on magic, you restore magic in
                  | place of health. [demonic ancestry]
  2978 | D:5      | Reached XP level 7. HP: 3/55 MP: 1/7
  3318 | D:5      | Noticed a two-headed ogre
  3672 | D:5      | Reached skill level 5 in Fighting
  3920 | D:5      | Found an opulent altar of Gozag.
  3940 | D:5      | Gained mutation: You have a pair of horns on your head.
                  | [demonic ancestry]
  3940 | D:5      | Reached XP level 8. HP: 57/62 MP: 6/8
  3941 | D:5      | Reached * piety under Qazlal
  4070 | D:5      | HP: 1/62 [two-headed ogre/+0 dire flail (9)]
  4070 | D:5      | Annihilated by a two-headed ogre

Illustrated notes

Levels and vault maps discovered:
D:1:      tarquinn_simple_flora_water_a, layout_loops_cross
D:2:      kennysheep_six_static_rooms, layout_basic
D:3:      layout_loops_ring, kennysheep_doodads, minmay_misc_feat_more_columns
D:4:      layout_rooms, minmay_temple_entry_tees
D:5:      layout_loops_cross, mainiacjoe_overflow_swirl,
          nicolae_dithmenos_the_darkroom, kennysheep_opposing_triangles,
          uniq_ijyb
Temple:   minmay_freezing_vapour_temple

Skill      XL: |  1  2  3  4  5  6  7 |
---------------+----------------------+-----
Axes           | 2 3 4 |  4.2
Armour         | 3 4 |  4.7
Shields        | 3 4 |  4.7
Dodging        | 1 2 3 |  3.5
Fighting       | 4 5 |  5.2

Action                     |  1- 3 |  4- 6 |  7- 9 || total
---------------------------+-------+-------+-------++-------
  Melee: War axe           |   116 |   154 |    87 ||   357
         Tailslap          |     9 |    15 |    15 ||    39
         Headbutt          |       |     4 |    17 ||    21
  Evoke: Wand              |       |     2 |       ||     2
    Use: Scroll            |       |     6 |       ||     6
         Potion            |       |     4 |       ||     4
 Armour: Plate armour      |   108 |   159 |    85 ||   352
         Scale mail        |     5 |       |       ||     5
  Dodge: Dodged            |    31 |    54 |    34 ||   119
  Block: Buckler           |    26 |    43 |    39 ||   108

Table legend: (Time is in decaauts)
 A = Elapsed time spent in this place.
 B = Non-inter-level travel time spent in this place.
 C = Inter-level travel time spent in this place.
 D = Time resting spent in this place.
 E = Time spent auto-exploring this place.
 F = Levels seen in this place.
 G = Mean time per level.
                   A        B        C        D        E       F      G
               +--------+--------+--------+--------+--------+-----+--------+
         Total |   4210 |   4080 |    130 |    469 |   2355 |   6 |  701.7 |
       Dungeon |   4149 |   4019 |    130 |    469 |   2355 |   5 |  829.8 |
        Temple |     60 |     60 |      0 |      0 |      0 |   1 |   60.0 |
               +--------+--------+--------+--------+--------+-----+--------+

Top non-repeatable levels by time:
     D:5: 1368 daAuts
     D:1: 827 daAuts
     D:2: 667 daAuts
     D:4: 663 daAuts
     D:3: 622 daAuts
  Temple: 60 daAuts
